 Dungeon Crawl Stone Soup version 0.31-a0-43-g46d131a48f (webtiles) character file.

Game seed: 7978800077884442101

91 porpoise the Sneak (level 4, 0/32 HPs)
             Began as a Human Enchanter on May 20, 2023.
             Killed from afar by an orc wizard (8 damage)
             ... with a magic dart
             ... on level 2 of the Dungeon.
             The game lasted 00:07:15 (2005 turns).

porpoise the Sneak (Human Enchanter)                Turns: 2005, Time: 00:07:16

Health: 0/32       AC:  3    Str:  9    XL:     4   Next: 87%
Magic:  1/8        EV: 12    Int: 17    God:
Gold:   45         SH:  0    Dex: 13    Spells: 6/8 levels left

rFire   . . .        a - +1 dagger
rCold   . . .        (no shield)
rNeg    . . .        b - +0 robe
rPois   .            l - +0 helmet
rElec   .            (no cloak)
rCorr   .            (no gloves)
SInv    .            (no boots)
Will    .....        (no amulet)
Stlth   ++           (no ring)
HPRegen 0.25/turn    (no ring)
MPRegen 0.11/turn

%: no passive effects
@: very slightly contaminated
A: no striking features
a: no special abilities


You were on level 2 of the Dungeon.
You visited 1 branch of the dungeon, and saw 2 of its levels.

You collected 45 gold pieces.

Inventory:

Hand Weapons
 a - a +1 dagger (weapon)
Armour
 b - a +0 robe (worn)
 l - a +0 helmet (worn)
Magical Staves
 i - a staff of earth
Scrolls
 d - a scroll of vulnerability {unknown}
 g - 3 scrolls of identify {unknown}
 h - a scroll of immolation
 n - a scroll of enchant armour {unknown}
 o - a scroll of teleportation {unknown}
 p - a scroll of enchant weapon {unknown}
Potions
 c - 2 potions of invisibility
 e - 2 potions of might {unknown}
 f - a potion of attraction {unknown}
 j - a potion of degeneration {unknown}
 k - a potion of flight {unknown}
 m - a potion of curing {unknown}


   Skills:
 + Level 1.4 Fighting
 - Level 1.0 Short Blades
 - Level 2.0 Dodging
 + Level 3.4 Stealth
 * Level 2.9 Spellcasting
 - Level 3.1 Hexes
 * Level 1.8 Ice Magic


You had 6 spell levels left.
You knew the following spells:

 Your Spells              Type           Power      Damage    Failure   Level
e - Ensorcelled Hibernat  Hex/Ice        22%        N/A       10%         2

Your spell library contained the following spells:

 Spells                   Type           Power      Damage    Failure   Level
 Confusing Touch          Hex            13%        N/A       14%         3
 Tukima's Dance           Hex            13%        N/A       14%         3
 Dazzling Flash           Conj/Hex       14%        N/A       26%         3


Dungeon Overview and Level Annotations

Branches:
Dungeon (2/15)

Altars:


Message History

The orc wizard closely misses you. The orc hits you with a +0 whip.
Casting: Ensorcelled Hibernation (safe; 10% risk of failure)
Confirm with . or Enter, or press ? or * to list all spells.
Aiming: Ensorcelled Hibernation (safe; 10% risk of failure)
Press: ? - help, Shift-Dir - straight line, f - orc priest, p - orc wizard
Aim: an orc priest, wielding a +0 hand axe and wearing a +0 leather armour (chance to affect: 45%)
You miscast Ensorcelled Hibernation.
Nothing appears to happen.
The orc wizard misses you.
The orc priest hits you with a +0 hand axe.
The orc closely misses you.
Casting: Ensorcelled Hibernation (safe; 10% risk of failure)
Confirm with . or Enter, or press ? or * to list all spells.
Aiming: Ensorcelled Hibernation (safe; 10% risk of failure)
Press: ? - help, Shift-Dir - straight line, f/p - orc priest
Aim: an orc priest, wielding a +0 hand axe and wearing a +0 leather armour (chance to affect: 45%)
The orc priest resists with some effort.
The orc wizard closely misses you.
The orc priest hits you with a +0 hand axe.
The orc hits you with a +0 whip.
You completely miss the orc wizard.
The orc wizard is lightly wounded.
The orc wizard casts a spell at you. The puff of flame hits you!
The orc priest hits you but does no damage.
The orc misses you.
You are too injured to fight recklessly!
You are too injured to fight recklessly!
You are too injured to fight recklessly!
As you read the scroll labelled ZOKHLU FONIUTUA, it crumbles to dust.
The creatures around you are filled with an inner flame!
It was a scroll of immolation.
The orc wizard hits you with a +0 dagger.
The orc priest hits you with a +0 hand axe.
* * * LOW HITPOINT WARNING * * *
The orc hits you but does no damage.
The orc priest attacks as you move away!
The orc priest hits you but does no damage.
The orc wizard points at you and mumbles some strange words.
The magic dart hits you!
You die...

#......
#.# .....
#.## !....
#..####
...
##....#
... ####..
#.########
##.
#oo.......
##
#.o.......
#
#@........
#
#.........
######
#.........
+.....
##†.......
######
#........
#.
#...>....
#.
.........
###.
.........
#..<
...######
#...


You could see an orc priest (inner flame), an orc wizard (inner flame) and an
orc (inner flame).

Vanquished Creatures
  Natasha (D:2)
  Robin (D:2)
  3 dart slugs (D:1)
  2 bats (D:1)
  2 endoplasms (D:1)
  A giant cockroach (D:1)
  7 goblins (D:1)
  10 hobgoblins
  2 quokkas (D:1)
  3 ball pythons
  3 frilled lizards
  6 kobolds
  4 rats (D:1)
45 creatures vanquished.

Notes
Turn   | Place    | Note
-------+----------+-------------------------------------------
     0 | D:1      | porpoise the Human Enchanter began the quest for the Orb.
     0 | D:1      | Reached XP level 1. HP: 13/13 MP: 3/3
   303 | D:1      | Reached XP level 2. HP: 19/19 MP: 5/5
   306 | D:1      | Learned a level 2 spell: Ensorcelled Hibernation
   640 | D:1      | Reached XP level 3. HP: 25/25 MP: 6/6
   823 | D:1      | Reached skill level 1 in Fighting
  1093 | D:1      | Reached skill level 1 in Ice Magic
  1350 | D:2      | Noticed Robin
  1624 | D:1      | Reached XP level 4. HP: 13/32 MP: 6/8
  1726 | D:2      | Killed Robin
  1973 | D:2      | Noticed Natasha
  1980 | D:2      | Killed Natasha
  2005 | D:2      | Killed from afar by an orc wizard

Illustrated notes

Levels and vault maps discovered:
D:1:      eino_arrival_water_cross, layout_basic
D:2:      layout_basic, hangedman_glass_teeth, uniq_terence, uniq_natasha,
          uniq_robin

Skill      XL: |  1  2  3 |
---------------+----------+-----
Fighting       | 1 |  1.4
Ice Magic      | 1 |  1.8
Short Blades   | |  1.0
Dodging        | |  2.0
Stealth        | |  3.4
Spellcasting   | |  2.9
Hexes          | |  3.1

Action                     |  1- 3 |  4- 6 || total
---------------------------+-------+-------++-------
  Melee: Dagger            |   148 |    22 ||   170
   Cast: Ensorcelled Hiber |    12 |     4 ||    16
    Use: Scroll            |       |     1 ||     1
   Stab: Sleeping          |    10 |     4 ||    14
 Armour: Robe              |    15 |     6 ||    21
  Dodge: Dodged            |   102 |    15 ||   117

Table legend: (Time is in decaauts)
 A = Elapsed time spent in this place.
 B = Non-inter-level travel time spent in this place.
 C = Inter-level travel time spent in this place.
 D = Time resting spent in this place.
 E = Time spent auto-exploring this place.
 F = Levels seen in this place.
 G = Mean time per level.
                   A        B        C        D        E       F      G
               +--------+--------+--------+--------+--------+-----+--------+
         Total |   1999 |   1957 |     42 |    715 |    866 |   2 |  999.5 |
       Dungeon |   1999 |   1957 |     42 |    715 |    866 |   2 |  999.5 |
               +--------+--------+--------+--------+--------+-----+--------+

Top non-repeatable levels by time:
     D:1: 1707 daAuts
     D:2: 291 daAuts
